 Dungeon Crawl Stone Soup version 0.23.2-40-g277498a001 (webtiles) character file.

Game seed: 2983164471437260177

9235 Frank2 the Cleaver (level 11, 0/89 HPs)
             Began as a Demigod Gladiator on Sept 7, 2019.
             Killed by divine providence
             ... invoked by an orc priest
              (9 damage)
             ... on level 2 of the Orcish Mines.
             The game lasted 00:23:05 (10431 turns).

Frank2 the Cleaver (Demigod Gladiator)             Turns: 10431, Time: 00:23:06

Health: 0/89       AC: 20    Str: 13    XL:     11   Next: 1%
Magic:  17/17      EV: 17    Int: 14    God:
Gold:   283        SH:  0    Dex: 36    Spells: 10/10 levels left

rFire    . . .     SeeInvis +   a - +3 battleaxe (drain)
rCold    . . .     Gourm    .   (shield currently unavailable)
rNeg     . . .     Faith    .   v - +2 ring mail of Dedoasui {-Tele Regen+ Str-4 Dex+9}
rPois    .         Spirit   .   i - +2 helmet
rElec    +         Reflect  .   c - +2 cloak of Pragmatism {rElec Dex+4 SInv}
rCorr    .         Harm     .   h - +2 pair of gloves
MR       +....     NoTele   +   y - +0 pair of boots
Stlth    ++........             (no amulet)
HPRegen  0.64/turn              F - ring of flight
MPRegen  0.15/turn              (no ring)

@: no status effects
A: blink, clever 1, high mp 1, evolution 1
a: Blink, Evoke Flight


You were on level 2 of the Orcish Mines.
You were very hungry.

You visited 2 branches of the dungeon, and saw 12 of its levels.
You also visited: Sewer.

You collected 925 gold pieces.
You spent 642 gold pieces at shops.

Inventory:

Hand Weapons
 a - a +3 battleaxe of draining (weapon)
Armour
 c - the +2 cloak of Pragmatism (worn) {rElec Dex+4 SInv}
   (You found it on level 4 of the Dungeon)

   It affects your dexterity (+4).
   It insulates you from electricity.
   It lets you see invisible.
 h - a +2 pair of gloves (worn)
 i - a +2 helmet (worn)
 l - a +3 ring mail
 v - the +2 ring mail of Dedoasui (worn) {-Tele Regen+ Str-4 Dex+9}
   (You bought it in a shop on level 7 of the Dungeon)

   It affects your strength (-4).
   It affects your dexterity (+9).
   It prevents most forms of teleportation.
   It increases your rate of regeneration.
 y - a +0 pair of boots (worn)
 G - a +1 ring mail of poison resistance
Jewellery
 F - a ring of flight (left hand)
Wands
 b - a wand of polymorph (2)
 x - a wand of clouds (9)
Scrolls
 e - 2 scrolls of teleportation
 j - 4 scrolls of blinking
 k - a scroll of enchant armour
 q - 3 scrolls of fear
 r - a scroll of amnesia
 t - 4 scrolls of remove curse
Potions
 n - a potion of agility
 p - 3 potions of flight
 s - a potion of mutation
 w - a potion of cancellation
 B - a potion of brilliance
 D - a potion of lignification {unknown}
 E - a potion of berserk rage {unknown}
Miscellaneous
 A - a fan of gales (inert)
Comestibles
 f - 12 rations


   Skills:
 + Level 6.2 Fighting
 + Level 11.3 Axes
 - Level 1.7 Throwing
 * Level 7.5 Armour
 + Level 5.8 Dodging
 * Level 3.9 Evocations


You had 10 spell levels left.
You didn't know any spells.
Your spell library contained the following spells:

 Spells                   Type           Power        Failure   Level  Hunger
 Confusing Touch          Hex            #.....       50%         1    ##.....
 Ensorcelled Hibernation  Hex/Ice        #.....       63%         2    ###....
 Confuse                  Hex            #.......     86%         3    ####...
 Gell's Gravitas          Tloc           #.........   86%         3    ####...
 Petrify                  Tmut/Erth      #.......     99%         4    #####..
 Borgnjor's Vile Clutch   Necr/Erth      #.........   100%        5    ######.
 Metabolic Englaciation   Hex/Ice        #.........   100%        5    ######.
 Silence                  Hex/Air        #.........   100%        5    ######.
 Yara's Violent Unravell  Hex/Tmut       #.........   100%        5    ######.
 Darkness                 Hex            #.........   100%        6    #######
 Shadow Creatures         Summ           N/A          100%        6    #######


Dungeon Overview and Level Annotations

Branches:
Dungeon (10/15)            Temple (0/1) D:6             Orc (2/2) D:10
    Elf (0/3) Orc:2
   Lair: D:8-11

Shops:
D:5 [   D:7 *?**[   D:8 [   D:9 ?   D:10 :!(


Innate Abilities, Weirdness & Mutations

You have an increased reservoir of magic. (+10% MP)
You can translocate small distances at will.
Your mind is acute. (Int +2)
You evolve.


Message History

You create a blast of freezing vapour!
The two-headed ogre is engulfed in freezing vapours.
The two-headed ogre closely misses you.
The two-headed ogre hits you but does no damage.
The orc priest is engulfed in freezing vapours.
The troll is engulfed in freezing vapours.
The troll bites you but does no damage. The troll barely misses you.
The troll claws you but does no damage.
Unknown command.
You hit the troll.
The troll is almost dead.
You slash the two-headed ogre!
The troll is engulfed in freezing vapours.
You kill the troll!
You have reached level 11!
The two-headed ogre is engulfed in freezing vapours.
The two-headed ogre closely misses you. The two-headed ogre barely misses you.
The orc priest mumbles some strange prayers to Beogh against you.
Beogh smites you!
You die...

## .##.## ......# ###
.......##@##
>.....#§O§o#
.....§§§§..##
.........#..§§§§...#
............§§§....#
...................#
...................##
....................#
...................##


You could see a two-headed ogre and an orc priest.

Vanquished Creatures
  A two-headed ogre (D:8)
  An orc sorcerer (Orc:2)
  A gargoyle (D:10)
  5 trolls
  Sigmund (D:3)
  2 wyverns
  A vampire (D:9)
  2 humans (D:7)
  A hungry ghost (D:10)
  Edmund (D:5)
  A soldier ant (D:8)
  Purgy (Sewer)
  A black bear (D:10)
  4 ice beasts
  10 orc warriors
  3 sky beasts
  8 ogres
  A centaur (D:8)
  A crocodile (D:8)
  5 big kobolds
  10 bullfrogs
  2 gnoll sergeants
  4 scorpions
  2 howler monkeys
  5 crimson imps
  A quasit (D:8)
  7 hounds
  A jelly (D:9)
  Crazy Yiuf (D:3)
  A centaur skeleton (D:8)
  7 orc priests
  Ijyb (D:3)
  Jessica (D:2)
  Natasha (thrice) (D:3)
  9 orc wizards
  7 worker ants
  A hound zombie (D:3)
  A howler monkey zombie (D:10)
  Robin (D:4)
  14 adders
  10 gnolls
  A howler monkey skeleton (D:7)
  3 shadow imps
  2 adder skeletons
  A worm (D:3)
  4 dart slugs
  6 leopard geckos
  46 orcs
  6 bats
  8 giant cockroaches
  20 goblins
  7 hobgoblins
  4 jackals (D:5)
  9 quokkas
  4 ball pythons (Sewer)
  5 frilled lizards
  14 kobolds
  A leopard gecko skeleton (D:5)
  4 rats
  A plant (D:5)
286 creatures vanquished.

Vanquished Creatures (others)
  An orc wizard (D:4)
1 creature vanquished.

Grand Total: 287 creatures vanquished

Notes
Turn   | Place    | Note
-------+----------+-------------------------------------------
     0 | D:1      | Frank2 the Demigod Gladiator began the quest for the Orb.
     0 | D:1      | Reached XP level 1. HP: 17/17 MP: 3/3
    52 | D:1      | Reached XP level 2. HP: 12/24 MP: 4/4
    54 | D:1      | Reached skill level 3 in Axes
   419 | D:1      | Reached skill level 1 in Armour
   486 | D:1      | Reached XP level 3. HP: 11/29 MP: 5/5
   960 | D:2      | Noticed Jessica
   984 | D:2      | Killed Jessica
  1448 | D:2      | Gained mutation: You have very sharp teeth. [potion of
                  | mutation]
  1448 | D:2      | Gained mutation: You have a pair of small antennae on your
                  | head. [potion of mutation]
  1449 | D:2      | Lost mutation: You have very sharp teeth. [potion of
                  | mutation]
  1449 | D:2      | Lost mutation: You have a pair of small antennae on your
                  | head. [potion of mutation]
  1449 | D:2      | Gained mutation: You evolve. [potion of mutation]
  1449 | D:2      | Gained mutation: Your mind is acute. (Int +2) [potion of
                  | mutation]
  1495 | D:3      | Found a blossoming altar of Fedhas.
  1549 | D:3      | Reached XP level 4. HP: 22/36 MP: 6/6
  1799 | D:3      | Found a runed translucent door.
  1800 | D:3      | Noticed Crazy Yiuf
  1867 | D:3      | Noticed Natasha
  1888 | D:3      | Reached skill level 4 in Axes
  1895 | D:3      | Killed Natasha
  1895 | D:3      | Reached XP level 5. HP: 18/41 MP: 7/7
  1938 | D:3      | Found a faded altar of an unknown god.
  1942 | D:3      | Noticed Natasha
  1943 | D:3      | Noticed Sigmund
  1966 | D:3      | Killed Natasha
  1980 | D:3      | Killed Sigmund
  1980 | D:3      | Reached XP level 6. HP: 20/50 MP: 8/8
  2072 | D:3      | Reached skill level 5 in Axes
  2078 | D:3      | Found a glowing drain.
  2083 | Sewer    | Entered a sewer
  2286 | Sewer    | Noticed Purgy
  2304 | Sewer    | Killed Purgy
  2397 | D:3      | Noticed Ijyb
  2424 | D:3      | Killed Ijyb
  2460 | D:3      | Noticed Natasha
  2470 | D:3      | Killed Natasha
  2705 | D:3      | Killed Crazy Yiuf
  2747 | D:4      | Reached XP level 7. HP: 43/56 MP: 9/9
  2891 | D:4      | Found an opulent altar of Gozag.
  2996 | D:4      | Noticed Robin
  3010 | D:4      | Reached skill level 6 in Axes
  3023 | D:4      | Killed Robin
  3444 | D:4      | Got a warped cloak
  3455 | D:4      | Identified the +2 cloak of Pragmatism {rElec Dex+4 SInv}
                  | (You found it on level 4 of the Dungeon)
  3744 | D:5      | Entered Level 5 of the Dungeon
  3808 | D:5      | Reached XP level 8. HP: 16/63 MP: 10/10
  4071 | D:5      | Reached skill level 7 in Axes
  4791 | D:5      | Noticed Edmund
  4817 | D:5      | Killed Edmund
  4817 | D:5      | Reached skill level 5 in Armour
  4819 | D:5      | Found a sacrificial altar of Ru.
  4892 | D:5      | Found Taeng's Antique Armour Emporium.
  5017 | D:6      | Reached skill level 8 in Axes
  5512 | D:6      | Found a staircase to the Ecumenical Temple.
  5741 | D:7      | Found Pakev's General Store.
  5881 | D:7      | Reached XP level 9. HP: 33/72 MP: 11/11
  5889 | D:7      | Gained mutation: You can translocate small distances at
                  | will. [evolution]
  5985 | D:7      | Found an iron altar of Okawaru.
  6003 | D:7      | Found Zietec's Magic Scroll Emporium.
  6011 | D:7      | Bought a scroll of enchant armour for 105 gold pieces
  6068 | D:7      | Found Cidumoes's Antique Armour Shop.
  6082 | D:7      | Bought a brightly glowing ring mail for 243 gold pieces
  6092 | D:7      | Identified the +2 ring mail of Dedoasui {-Tele Regen+ Str-4
                  | Dex+9} (You bought it in a shop on level 7 of the Dungeon)
  6184 | D:7      | Found a glowing golden altar of the Shining One.
  6228 | D:7      | Found a snail-covered altar of Cheibriados.
  6228 | D:7      | Found a bloodstained altar of Trog.
  6228 | D:7      | Found a white marble altar of Elyvilon.
  6269 | D:7      | Found a radiant altar of Vehumet.
  6273 | D:7      | Found a burning altar of Makhleb.
  6339 | D:7      | Found Doilil's Assorted Antiques.
  6369 | D:7      | Found Ysyg's Assorted Antiques.
  6672 | D:8      | Reached skill level 9 in Axes
  6918 | D:8      | Found an ornate altar of the Wu Jian Council.
  6964 | D:8      | Found Tas Cep's Armour Shop.
  7077 | D:8      | Reached skill level 5 in Fighting
  7077 | D:8      | Reached skill level 5 in Dodging
  7169 | D:8      | Noticed a two-headed ogre
  7201 | D:8      | Killed a two-headed ogre
  7201 | D:8      | Reached skill level 1 in Evocations
  7733 | D:9      | Reached skill level 10 in Axes
  7748 | D:9      | Reached XP level 10. HP: 74/81 MP: 14/14
  7791 | D:9      | Found Vaghig's Magic Scroll Boutique.
  7872 | D:9      | Found a shattered altar of Ashenzari.
  8191 | D:10     | Entered Level 10 of the Dungeon
  8474 | D:10     | Found Luil Jashre's Book Shop.
  8480 | D:10     | Found Botzautt's Distillery.
  8717 | D:10     | Found Tienuu's Distillery.
  8857 | D:10     | Found Wownaip's Antique Weapon Shop.
  9341 | D:10     | Found a staircase to the Orcish Mines.
  9486 | D:10     | Reached skill level 11 in Axes
  9634 | Orc:1    | Entered Level 1 of the Orcish Mines
  9976 | D:10     | Bought a runed battleaxe for 294 gold pieces
 10217 | Orc:2    | Entered Level 2 of the Orcish Mines
 10217 | Orc:2    | Noticed an orc sorcerer
 10220 | Orc:2    | Paralysed by an orc sorcerer for 6 turns
 10227 | Orc:2    | Killed an orc sorcerer
 10269 | Orc:2    | Found a staircase to the Elven Halls.
 10284 | Orc:2    | Noticed a two-headed ogre
 10296 | Orc:2    | HP: 3/83 [troll (4)]
 10431 | Orc:2    | Reached XP level 11. HP: 9/89 MP: 17/17
 10431 | Orc:2    | Killed from afar by an orc priest

Skill      XL: |  1  2  3  4  5  6  7  8  9 10 |
---------------+-------------------------------+-----
Axes           | 3 4 5 6 8 10 11 | 11.3
Dodging        | 3 4 5 |  5.8
Armour         | 1 2 3 4 5 6 7 |  7.5
Fighting       | 2 3 4 5 6 |  6.2
Evocations     | 1 3 |  3.9
Throwing       | |  1.7

Action                   |  1- 3 |  4- 6 |  7- 9 | 10-12 || total
-------------------------+-------+-------+-------+-------++-------
Melee: War axe           |    92 |   193 |   548 |   294 ||  1127
       Unarmed           |       |    11 |       |       ||    11
       Battleaxe         |       |       |       |    31 ||    31
Throw: Throwing net      |       |     3 |       |     3 ||     6
Evoke: Wand              |       |       |     1 |     3 ||     4
       Fan of gales      |       |       |       |     1 ||     1
  Use: Scroll            |     7 |     4 |     8 |     3 ||    22
       Potion            |     2 |     7 |       |     7 ||    16
 Stab: Sleeping          |       |       |     6 |     2 ||     8
       Distracted        |       |       |     1 |       ||     1
       Confused          |       |       |     6 |     4 ||    10
       Held in net/web   |       |       |       |     5 ||     5
  Eat: Chunk             |     1 |     5 |    17 |     7 ||    30
       Ration            |       |       |       |     1 ||     1
Armor: Leather armour    |    23 |       |       |       ||    23
       Ring mail         |     2 |    97 |   240 |   119 ||   458
Dodge: Dodged            |    67 |   166 |   434 |   287 ||   954
